Match 46951269
Unlisted

Match 46951269
End
Selects Advanced Infantry Battlegroup
Construct Barracks
Engineer Squad
Riflemen Squad
Riflemen Squad
Riflemen Squad
Construct Weapon Support Center
Selects Artillery Observers
Bazooka Squad
Artillery Observer Squad
Construct Medical Station
Infantry Support Center
Selects Convert to Ranger Squad
M3 Armored Personnel Carrier
Selects Convert to Ranger Squad
Selects Designate Assault Position
Construct Tank Depot
M4(105) Sherman Bulldozer
Convert to Ranger Squad
Improved M9 Bazooka Rockets
Selects Ranger Weapon Training
M18 Hellcat Tank Destroyer
M18 Hellcat Tank Destroyer
Engineer Squad
Selects M2A1 105mm Howitzer Emplacement
M18 Hellcat Tank Destroyer
Engineer Squad
Advanced Logistics
Selects 155mm Rapid Artillery Barrage
M18 Hellcat Tank Destroyer
braindamage
Ellie
Kanade
队友都是菜逼
0
0

Comments sign in to comment!

No comments posted yet!